 Dungeon Crawl Stone Soup version 0.22.1-2-g9c5b331383 (webtiles) character file.

466 Knicklaso the Cutter (level 7, 0/44 HPs)
             Began as a Halfling Assassin on Dec 4, 2018.
             Slain by a shadow imp (3 damage)
             ... on level 5 of the Dungeon.
             The game lasted 00:09:36 (5432 turns).

Knicklaso the Cutter (Halfling Assassin)            Turns: 5432, Time: 00:09:37

Health: 0/44       AC:  1    Str: 12    XL:     7   Next: 30%
Magic:  7/7        EV: 19    Int:  9    God:
Gold:   196        SH:  0    Dex: 23    Spells: 6/6 levels left

rFire    . . .     SeeInvis .   a - +2 dagger
rCold    . . .     Gourm    .   (shield restricted)
rNeg     . . .     Faith    .   c - +0 robe
rPois    .         Spirit   .   w - +2 hat
rElec    .         Reflect  .   d - +0 cloak
rCorr    .         Harm     .   (no gloves)
MR       +....                  (no boots)
Stlth    +++++.....             (no amulet)
HPRegen  0.14/turn              (no ring)
MPRegen  0.10/turn              r - ring of protection from magic

@: agile, corroded, hasted, very quick
A: small, mutation resistance 1
a: no special abilities


You were on level 5 of the Dungeon.
You were not hungry.

You visited 1 branch of the dungeon, and saw 5 of its levels.

You collected 196 gold pieces.

Inventory:

Hand Weapons
 a - a +2 dagger (weapon)
 b - a +0 blowgun
 o - a +1 short sword of holy wrath
 p - a +0 hunting sling
Missiles
 e - 47 poisoned needles
 f - 2 curare-tipped needles
 j - 159 stones (quivered)
 n - 47 sling bullets
Armour
 c - a +0 robe (worn)
 d - a +0 cloak (worn)
 l - a +2 buckler
 w - a +2 hat (worn)
Jewellery
 q - an uncursed ring of fire
 r - a ring of protection from magic (right hand)
Wands
 y - a wand of flame (30)
Scrolls
 h - 6 scrolls of identify {unknown}
 i - a scroll of enchant weapon {unknown}
 k - a scroll of immolation {unknown}
 m - 2 scrolls of blinking {unknown}
 v - 2 scrolls of remove curse {unknown}
 C - a scroll of brand weapon {unknown}
Potions
 s - a potion of curing {unknown}
 t - a potion of might {unknown}
 u - 2 potions of agility
 x - a potion of haste
 A - a potion of cancellation {unknown}
 B - a potion of heal wounds {unknown}
Comestibles
 g - 6 rations


   Skills:
 - Level 1.7 Fighting
 * Level 6.5 Short Blades
 - Level 2.0 Throwing
 - Level 1.1 Dodging
 + Level 6.1 Stealth
 + Level 3.6 Shields


You had 6 spell levels left.
You didn't know any spells.
Your spell library contained the following spells:

 Spells                   Type           Power        Failure   Level  Hunger
 Animate Skeleton         Necr           N/A          38%         1    ##.....
 Apportation              Tloc           #.....       38%         1    ##.....
 Confusing Touch          Hex            #.....       38%         1    ##.....
 Summon Small Mammal      Summ           #...         38%         1    ##.....


Dungeon Overview and Level Annotations

Branches:
Dungeon (5/15)
 Temple: D:4-7

Altars:
Elyvilon
Qazlal
Sif Muna
Uskayaw
The Shining One

Annotations:
D:5 Sigmund


Innate Abilities, Weirdness & Mutations

You are small and have problems with some larger weapons.
You are somewhat resistant to further mutation.


Message History

You hit the shadow imp but do no damage.
The shadow imp closely misses you.
You hit the shadow imp but do no damage.
The shadow imp hits you.
* * * LOW HITPOINT WARNING * * *
You barely miss the shadow imp. You hit the shadow imp.
The shadow imp is lightly wounded.
The shadow imp hits you.
* * * LOW HITPOINT WARNING * * *
It was a potion of agility.
You feel agile all of a sudden. The shadow imp hits you.
* * * LOW HITPOINT WARNING * * *
It was a potion of haste.
You feel yourself speed up. The shadow imp barely misses you.
You closely miss the shadow imp.
The shadow imp is lightly wounded.
The shadow imp hits you.
You die...

#...# #####+##### #...#
#.........# #...#
#.........# #...#
###.........# #...#
............###...#########
..............'...'........
..####.#######...#########
#..5@.# #...# # #.#####
#...# # #.# #...# # ...
#...# # .#.. #...# # #.##.
#...# # . .. ..... ' ##
#.### ##


You could see a shadow imp.

Vanquished Creatures
  An ogre (D:4)
  A crimson imp (D:5)
  A jelly (D:5)
  Ijyb (D:4)
  3 worker ants (D:4)
  A hound skeleton (D:4)
  3 adders
  4 gnolls
  A howler monkey skeleton (D:4)
  5 oozes
  An adder skeleton (D:4)
  3 worms
  6 dart slugs
  4 leopard geckos
  7 orcs
  6 giant cockroaches
  7 goblins
  3 hobgoblins
  2 quokkas (D:4)
  2 ball pythons
  A ball python skeleton (D:4)
  9 bats
  8 frilled lizards
  7 kobolds
  8 rats
95 creatures vanquished.

Notes
Turn   | Place    | Note
-------+----------+-------------------------------------------
     0 | D:1      | Knicklaso the Halfling Assassin began the quest for the
                  | Orb.
     0 | D:1      | Reached XP level 1. HP: 14/14 MP: 1/1
   233 | D:1      | Reached XP level 2. HP: 17/19 MP: 2/2
   674 | D:1      | Reached skill level 1 in Shields
   711 | D:1      | Reached XP level 3. HP: 24/24 MP: 3/3
   997 | D:2      | Reached XP level 4. HP: 18/29 MP: 4/4
  1493 | D:2      | Found a stormy altar of Qazlal.
  1493 | D:2      | Found a white marble altar of Elyvilon.
  1494 | D:2      | Found a deep blue altar of Sif Muna.
  1593 | D:2      | Reached skill level 5 in Stealth
  2794 | D:3      | Reached XP level 5. HP: 34/34 MP: 5/5
  2808 | D:3      | Found a glowing golden altar of the Shining One.
  3218 | D:4      | Noticed Ijyb
  3262 | D:4      | Killed Ijyb
  3528 | D:4      | Reached skill level 5 in Short Blades
  3632 | D:4      | Noticed a dagger
  3633 | D:4      | Found a hide-covered altar of Uskayaw.
  3633 | D:4      | Noticed a hand axe
  3747 | D:4      | Reached XP level 6. HP: 39/39 MP: 6/6
  3760 | D:4      | Noticed an ogre
  3761 | D:4      | Killed an ogre
  4322 | D:5      | Entered Level 5 of the Dungeon
  4353 | D:5      | Noticed Sigmund
  4694 | D:4      | Reached XP level 7. HP: 22/44 MP: 7/7
  5432 | D:5      | Slain by a shadow imp

Skill      XL: |  1  2  3  4  5  6  7 |
---------------+----------------------+-----
Short Blades   | 3 4 5 6 |  6.5
Shields        | 1 2 3 |  3.6
Stealth        | 5 6 |  6.1
Fighting       | |  1.7
Throwing       | |  2.0
Dodging        | |  1.1

Action                   |  1- 3 |  4- 6 |  7- 9 || total
-------------------------+-------+-------+-------++-------
Melee: Dagger            |    88 |   331 |    45 ||   464
       Short sword       |       |     3 |       ||     3
 Fire: Hunting sling     |       |    19 |     5 ||    24
  Use: Potion            |       |       |     2 ||     2
 Stab: Sleeping          |     7 |    10 |     1 ||    18
  Eat: Chunk             |       |     9 |     2 ||    11
       Ration            |       |     1 |       ||     1
Armor: Robe              |    16 |    55 |     5 ||    76
Dodge: Dodged            |    53 |   167 |    28 ||   248
